 Dungeon Crawl Stone Soup version 0.21.1-1-g345015fe64 (webtiles) character file.

54 Hercules1031 the Shield-Bearer (level 3, 0/35 HPs)
             Began as a Gnoll Fighter on June 23, 2018.
             Slain by Natasha (3 damage)
             ... on level 2 of the Dungeon.
             The game lasted 00:03:01 (1117 turns).

Hercules1031 the Shield-Bearer (Gnoll Fighter)      Turns: 1117, Time: 00:03:02

Health: 0/35       AC: 16    Str: 19    XL:     3   Next: 91%
Magic:  4/4        EV:  4    Int: 10    God:
Gold:   61         SH: 10    Dex: 14    Spells: 4/4 levels left

rFire    . . .     SeeInvis .   a - +0 war axe
rCold    . . .     Gourm    .   c - +0 shield
rNeg     . . .     Faith    .   h - +2 plate armour {rPois}
rPois    +         Spirit   .   (no helmet)
rElec    .         Reflect  .   d - +0 cloak (curse)
rCorr    .         Harm     .   (no gloves)
MR       .....                  (no boots)
Stlth    ..........             (no amulet)
HPRegen  0.11/turn              (no ring)
MPRegen  0.09/turn              (no ring)

@: slowed, very slow
A: distributed training, fangs 1, strong nose
a: no special abilities


You were on level 2 of the Dungeon.
You were hungry.

You visited 1 branch of the dungeon, and saw 2 of its levels.

You collected 61 gold pieces.

Inventory:

Hand Weapons
 a - a +0 war axe (weapon)
Armour
 c - a +0 shield (worn)
 d - a cursed +0 cloak (worn)
 h - a +2 plate armour of poison resistance (worn)
Scrolls
 b - a scroll of random uselessness {unknown}
 e - a scroll of magic mapping {unknown}
Comestibles
 f - a ration


   Skills:
 + Level 6.5 Fighting
 + Level 1.0 Short Blades
 + Level 1.0 Long Blades
 + Level 4.6 Axes
 + Level 1.0 Maces & Flails
 + Level 1.0 Polearms
 + Level 1.0 Staves
 + Level 1.0 Slings
 + Level 1.0 Bows
 + Level 1.0 Crossbows
 + Level 1.0 Throwing
 + Level 6.5 Armour
 + Level 1.0 Dodging
 + Level 1.0 Stealth
 + Level 6.5 Shields
 + Level 1.0 Unarmed Combat
 + Level 1.0 Spellcasting
 + Level 0.7 Conjurations
 + Level 0.7 Hexes
 + Level 0.7 Charms
 + Level 0.7 Summonings
 + Level 0.7 Necromancy
 + Level 0.7 Translocations
 + Level 0.7 Transmutations
 + Level 0.7 Fire Magic
 + Level 0.7 Ice Magic
 + Level 0.7 Air Magic
 + Level 0.7 Earth Magic
 + Level 0.7 Poison Magic
 + Level 1.0 Invocations
 + Level 1.0 Evocations


You had 4 spell levels left.
You didn't know any spells.

Dungeon Overview and Level Annotations

Branches:
Dungeon (2/15)

Altars:

Annotations:
D:2 Natasha


Innate Abilities, Weirdness & Mutations

Your experience applies equally to all skills.
You have very sharp teeth.
Your uncanny sense of smell can sniff out nearby items.


Message History

You barely miss Natasha.
Natasha is moderately wounded.
You barely miss the shadow imp.
The crimson imp disappears in a puff of smoke!
You block Natasha's attack. Natasha claws you but does no damage.
You block the shadow imp's attack. Natasha claws you but does no damage.
The shadow imp hits you.
* * * LOW HITPOINT WARNING * * *
You barely miss Natasha.
Natasha is moderately wounded.
You hit the shadow imp. Natasha claws you but does no damage.
You block Natasha's attack.
The crimson imp lashes its tail.
The shadow imp barely misses you. Natasha claws you but does no damage.
The shadow imp hits you but does no damage.
You hit Natasha but do no damage.
Natasha is moderately wounded.
Your plate armour prevents you from hitting the shadow imp.
You block Natasha's attack. Natasha claws you.
You die...

#.# #...# #.#.#
#...##### #.#.#
###...#.... #.#.#
#.......###
#.#.#####..#......
...##.#.#.[.#.........
......................
##.##.#.#.#...........
###..#@#'#.###.##....(.
.....#5h5......##...###
#..........#######..<...
#........§.# #...#.#
######.....# #...#.#
#.§.§.# #....<# ##....#
#...### #...## #......
#...# #..####


You could see Natasha, a crimson imp and a shadow imp.

Vanquished Creatures
  Natasha (D:2)
  3 dart slugs (D:1)
  A leopard gecko (D:1)
  A giant cockroach (D:2)
  2 goblins (D:1)
  2 hobgoblins (D:1)
  2 ball pythons (D:1)
  6 bats
  2 frilled lizards (D:1)
  3 kobolds (D:1)
  2 rats (D:1)
25 creatures vanquished.

Notes
Turn   | Place    | Note
-------+----------+-------------------------------------------
     0 | D:1      | Hercules1031 the Gnoll Fighter began the quest for the Orb.
     0 | D:1      | Reached XP level 1. HP: 23/23 MP: 1/1
   214 | D:1      | Reached XP level 2. HP: 28/29 MP: 2/2
   680 | D:1      | Reached XP level 3. HP: 32/35 MP: 3/3
  1086 | D:2      | Noticed Natasha
  1094 | D:2      | Killed Natasha
  1094 | D:2      | Reached skill level 1 in Short Blades
  1094 | D:2      | Reached skill level 1 in Long Blades
  1094 | D:2      | Reached skill level 1 in Maces & Flails
  1094 | D:2      | Reached skill level 1 in Polearms
  1094 | D:2      | Reached skill level 1 in Staves
  1094 | D:2      | Reached skill level 1 in Slings
  1094 | D:2      | Reached skill level 1 in Bows
  1094 | D:2      | Reached skill level 1 in Crossbows
  1094 | D:2      | Reached skill level 1 in Throwing
  1094 | D:2      | Reached skill level 1 in Dodging
  1094 | D:2      | Reached skill level 1 in Stealth
  1094 | D:2      | Reached skill level 1 in Unarmed Combat
  1094 | D:2      | Reached skill level 1 in Spellcasting
  1094 | D:2      | Reached skill level 1 in Invocations
  1094 | D:2      | Reached skill level 1 in Evocations
  1094 | D:2      | Noticed Natasha
  1117 | D:2      | Slain by Natasha

Skill      XL: |  1  2  3 |
---------------+----------+-----
Short Blades   | 1 |  1.0
Long Blades    | 1 |  1.0
Maces & Flails | 1 |  1.0
Polearms       | 1 |  1.0
Staves         | 1 |  1.0
Slings         | 1 |  1.0
Bows           | 1 |  1.0
Crossbows      | 1 |  1.0
Throwing       | 1 |  1.0
Dodging        | 1 |  1.0
Stealth        | 1 |  1.0
Unarmed Combat | 1 |  1.0
Spellcasting   | 1 |  1.0
Invocations    | 1 |  1.0
Evocations     | 1 |  1.0
Fighting       | |  6.5
Axes           | |  4.6
Armour         | |  6.5
Shields        | |  6.5
Conjurations   | |  0.7
Hexes          | |  0.7
Charms         | |  0.7
Summonings     | |  0.7
Necromancy     | |  0.7
Translocations | |  0.7
Transmutations | |  0.7
Fire Magic     | |  0.7
Ice Magic      | |  0.7
Air Magic      | |  0.7
Earth Magic    | |  0.7
Poison Magic   | |  0.7

Action                   || total
-------------------------++-------
Melee: War axe           ||    74
       Bite              ||     8
  Use: Potion            ||     5
Armor: Plate armour      ||    68
       Scale mail        ||     1
Dodge: Dodged            ||    17
Block: Shield            ||    69
